 Zot Defence DCSS version 0.15.2 (webtiles) character file.

7864725 lyrx the Axe Maniac (level 26, 240/240 (266) HPs)
             Began as a Hill Orc Berserker on Feb 5, 2016.
             Was a Believer of Trog.
             Escaped with the Orb
             ... and 15 runes on Feb 8, 2016!
             The game lasted 10:02:48 (21093 turns).

lyrx the Axe Maniac (Hill Orc Berserker)           Turns: 21093, Time: 10:02:48

HP 240/240 (266) AC 32     Str 33      XL: 26   Next: 41%
MP  27/27        EV 32     Int  7      God: Trog [**....]
Gold 249         SH  0     Dex 16      Spells:  0 memorised, 25 levels left

rFire  . . .     SeeInvis .     u - +4 battleaxe (freeze)
rCold  . . .     Clarity  .     A - +2 pearl dragon armour
rNeg   + . .     rCorr    .     (no shield)
rPois  +         rRot     .     (no helmet)
rElec  .         Spirit   .     l - +2 cloak (curse)
SustAb .         Warding  .     m - +2 pair of fencer's gloves {EV+3 Dex+6 Slay+2}
rMut   .         NoTele   +     (no boots)
Gourm  .                        (no amulet)
MR     +....                    (no ring)
                                c - ring "Bielamu" {Contam rPois Slay+5}

@: very slightly contaminated, somewhat resistant to hostile enchantments,
extremely unstealthy
A: no striking features
a: Make oklob sapling, Make arrow trap, Make plant, Remove Curse, Make burning
bush, Make altar, Make grenades, Make oklob plant, Make net trap, Make ice
statue, Make spear trap, Make alarm trap, Make mushroom circle, Make bolt trap,
Make crystal statue, Make needle trap, Make water, Make lightning spire, Make
silver statue, Make bazaar, Acquire gold, Make oklob circle, Acquirement, Make
blade trap, Make curse skull, Burn Spellbooks, Berserk, Trog's Hand, Renounce
Religion
0: Orb of Zot
}: 15/15 runes: serpentine, barnacled, slimy, elven, silver, golden, obsidian,
icy, bone, abyssal, demonic, glowing, magical, fiery, gossamer


You were in the Realm of Zot.
You worshipped Trog.
Trog was pleased with you.
You were not hungry.

You visited 1 branchYou visited 1 bazaar.

You collected 480 gold pieces.
You spent 231 gold pieces at shops.

Inventory:

Hand weapons
 a - a +5 scythe of slicing
 r - a +2 battleaxe of flaming
 u - a +4 battleaxe of freezing (weapon)
Missiles
 e - 10 throwing nets (quivered)
 v - 2 arrows
 K - a bolt
Armour
 j - a +2 plate armour of magic resistance
 l - a cursed +2 cloak (worn)
 m - the +2 pair of fencer's gloves (worn) {EV+3 Dex+6 Slay+2}
   (You took it off Nikola in the Realm of Zot)

   It affects your evasion (+3).
   It affects your dexterity (+6).
   It affects your accuracy and damage with ranged weapons and melee attacks
   (+2).
 p - an ice dragon hide
 t - a +2 large shield
 y - a +3 plate armour of fire resistance
 A - a +2 pearl dragon armour (worn)
 I - a +0 plate armour
Magical devices
 b - a wand of disintegration (5)
Comestibles
 d - a meat ration
Jewellery
 c - the ring "Bielamu" (left hand) {Contam rPois Slay+5}
   (You acquired it in the Realm of Zot)

   [ring of poison resistance]

   It affects your accuracy and damage with ranged weapons and melee attacks
   (+5).
   It protects you from poison.
   It causes magical contamination when unequipped.
 x - an uncursed ring of fire
 z - an uncursed ring of stealth
Potions
 f - a potion of haste
 g - 2 potions of magic
 h - a potion of berserk rage


   Skills:
 O Level 27 Fighting
 O Level 27 Axes
   Level 1.3 Crossbows
 O Level 27 Armour
 O Level 27 Dodging
 * Level 9.1 Shields
 + Level 2.8 Evocations


You had 25 spell levels left.
You didn't know any spells.

Dungeon Overview and Level Annotations

Branches:
    Zot (1/1)

Altars:
Jiyva


Message History

Your oklob plant spits acid at the titan.
The splash of acid hits the titan.
The titan writhes in agony as its flesh is eaten away!
The titan dies!
Your Shields skill increases to level 9!
You see here a deep troll corpse.
You swap places.
Your ice beast is engulfed in a cloud of scalding steam.
Things that are here:
a dire flail; a glaive You swap places.
Things that are here:
a great sword of flaming; a rotting titan corpse You swap places.
Your ice beast disappears in a puff of smoke!
Things that are here:
a glaive; a trident
There is a staircase leading out of the dungeon, spattered with blood here.
Items here: %% ( )))) [[[ You have escaped!

▓▓▓ ▓▓▓ ▓▓∆▓▓ ▓▓∆▓▓ ▓∆=?▓ ▓[)∆▓
▓▓$▓▓ ###### ▓▓(▓▓ ##▓▓▓
########<##8##### ▓▓▓#### ..##
#P88.8≈YY@YP^P8P# ##.... ...##
##8P.[[≈YYYY^88## ##..... ....##
#8P^≈≈≈≈Y≈[^P8# ##...... .....#
##8^≈[≈)≈)(^8## #....... .....#
#8([≈≈)%)≈^8# #....... .....#
##88PPP%PPP88## #....... .....#
#...≈≈≈)≈≈≈)..# #....... .....#
##...≈≈≈≈≈≈≈(..## #.......
.....###[...≈=≈)(≈[[...###.......


You could see 2 friendly orange crystal statues, 5 friendly ice statues, 6
friendly oklob plants, 5 friendly burning bushes, 8 friendly ice beasts and 10
friendly lightning spires.

Vanquished Creatures
  2 ancient liches (Zot)
  Mennas (Zot)
  Nikola (Zot)
  A Hellbinder (Zot)
  A lich (Zot)
  An Ice Fiend (Zot)
  2 tentacled monstrosities (Zot)
  2 azure jellies (Zot)
  2 storm dragons (Zot)
  2 shadow dragons (Zot)
  A fire giant (Zot)
  A revenant (Zot)
  An iron dragon (Zot)
  A draconian zealot (Zot)
  2 emperor scorpions (Zot)
  2 very ugly things (Zot)
  2 war gargoyles (Zot)
  3 stone giants (Zot)
  3 vampire knights (Zot)
  A dire elephant (Zot)
  A great orb of eyes (Zot)
  A purple draconian (Zot)
  A white draconian (Zot)
  A very ugly thing zombie (Zot)
  A quicksilver dragon zombie (Zot)
  A fire dragon (Zot)
  A centaur warrior (Zot)
  4 ice dragons (Zot)
  2 anacondas (Zot)
  A yaktaur captain (Zot)
  A deep troll shaman (Zot)
  2 tengu warriors (Zot)
  A dancing weapon (Zot)
  A death yak (Zot)
  2 titan zombies (Zot)
  A spectral hydra (Zot)
  2 deep troll earth magi (Zot)
  2 soul eaters (Zot)
  4 iron golems (Zot)
  A hell knight (Zot)
  An iron troll (Zot)
  2 skeletal warriors (Zot)
  A deep elf knight (Zot)
  2 ice devils (Zot)
  5 deep trolls (Zot)
  2 wizards (Zot)
  2 ice statues (Zot)
  A hill giant (Zot)
  A deep elf summoner (Zot)
  A tengu zombie (Zot)
  A wolf spider zombie (Zot)
  A shadow dragon skeleton (Zot)
  An orc knight (Zot)
  A small abomination (Zot)
  A deep elf conjurer (Zot)
  A necromancer (Zot)
  A mana viper (shapeshifter) (Zot)
  2 deathcaps (Zot)
  3 ugly things (Zot)
  A mana viper (Zot)
  A wolf spider (Zot)
  2 oklob plants (Zot)
  A cyclops (Zot)
  A draconian zombie (Zot)
  A dire elephant zombie (Zot)
  An orange crystal statue (Zot)
  A tormentor (Zot)
  2 efreet (Zot)
  A freezing wraith (Zot)
  2 yaktaurs (Zot)
  2 boulder beetles (Zot)
  A fire drake (shapeshifter) (Zot)
  A blue devil (Zot)
  A troll (shapeshifter) (Zot)
  A spriggan skeleton (Zot)
  2 wandering mushrooms (Zot)
  A troll (Zot)
  3 tengu conjurers (Zot)
  A sphinx simulacrum (Zot)
  2 trapdoor spiders (Zot)
  2 ravens (Zot)
  A slime creature (Zot)
  An ettin zombie (Zot)
  A wraith (Zot)
  5 deep troll zombies (Zot)
  3 flying skulls (Zot)
  A frost giant simulacrum (Zot)
  A yak (Zot)
  A tarantella (Zot)
  A spriggan (Zot)
  A hill giant zombie (Zot)
  2 vampires (Zot)
  A shadow (Zot)
  2 hungry ghosts (Zot)
  A deep elf mage (Zot)
  A raven zombie (Zot)
  An ogre (Zot)
  An elf skeleton (Zot)
  3 nagas (Zot)
  2 orc warriors (Zot)
  A mottled dragon (Zot)
  A deep troll skeleton (Zot)
  A raven skeleton (Zot)
  6 ice beasts (Zot)
  A centaur (Zot)
  A manticore skeleton (Zot)
  A yaktaur zombie (Zot)
  5 wights (Zot)
  A scorpion (Zot)
  A crimson imp (Zot)
  A hippogriff skeleton (Zot)
  An oklob sapling (Zot)
  2 hounds (Zot)
  An iguana (Zot)
  An orc priest (Zot)
  7 lightning spires (Zot)
  A sheep (Zot)
  An orange rat (Zot)
  2 adders (Zot)
  2 shadow imps (Zot)
  A goliath beetle zombie (Zot)
  A gnoll zombie (Zot)
  3 adder zombies (Zot)
  An iguana skeleton (Zot)
  8 oozes (Zot)
  11 orcs (Zot)
  A bat skeleton (Zot)
  2 bat zombies (Zot)
  A hobgoblin (Zot)
  A jackal (Zot)
  2 ball pythons (Zot)
  A bat (Zot)
  A giant gecko skeleton (Zot)
  A giant gecko zombie (Zot)
  A giant spore (Zot)
  6 goblins (Zot)
  A goblin skeleton (Zot)
  A hobgoblin zombie (Zot)
  A jackal skeleton (Zot)
  2 jackal zombies (Zot)
  4 kobolds (Zot)
  8 orc skeletons (Zot)
  2 orc zombies (Zot)
  4 rats (Zot)
  A rat zombie (Zot)
  A crawling corpse (Zot)
  7 plants (Zot)
266 creatures vanquished.

Vanquished Creatures (collateral kills)
  Antaeus (Zot)
  4 ancient liches (Zot)
  A seraph (Zot)
  Saint Roka (Zot)
  Boris (twice) (Zot)
  2 curse toes (Zot)
  Margery (Zot)
  Norris (Zot)
  2 Killer Klowns (Zot)
  Mara (Zot)
  Xtahua (Zot)
  6 golden dragons (Zot)
  Frederick (Zot)
  9 tentacled monstrosities (Zot)
  4 Brimstone Fiends (Zot)
  2 Hell Sentinels (Zot)
  A Hellbinder (Zot)
  6 Ice Fiends (Zot)
  A Cloud Mage (Zot)
  3 azure jellies (Zot)
  4 quicksilver dragons (Zot)
  9 liches (Zot)
  8 acid blobs (Zot)
  11 storm dragons (Zot)
  29 fire giants (Zot)
  14 titans (Zot)
  An Executioner (Zot)
  19 sphinxes (Zot)
  2 balrugs (Zot)
  Frances (Zot)
  27 tengu reavers (Zot)
  9 ancient champions (Zot)
  A greater naga (Zot)
  32 frost giants (Zot)
  A thorn hunter (Zot)
  38 shadow dragons (Zot)
  3 draconian monks (Zot)
  19 revenants (Zot)
  11 reapers (Zot)
  Donald (Zot)
  4 draconian scorchers (Zot)
  Wiglaf (Zot)
  22 iron dragons (Zot)
  4 deep elf sorcerers (Zot)
  5 draconian knights (Zot)
  Louise (Zot)
  6 ghost moths (Zot)
  2 cacodemons (Zot)
  3 emperor scorpions (Zot)
  3 ghouls (Zot)
  6 draconian zealots (Zot)
  A warmonger (Zot)
  3 draconian shifters (Zot)
  16 war gargoyles (Zot)
  5 spriggan defenders (Zot)
  10 vampire knights (Zot)
  7 draconian annihilators (Zot)
  A corrupter (Zot)
  3 draconian callers (Zot)
  8 very ugly things (Zot)
  2 deep elf demonologists (Zot)
  5 stone giants (Zot)
  A salamander firebrand (Zot)
  2 grey draconians (Zot)
  5 green draconians (Zot)
  5 deep elf annihilators (Zot)
  3 red draconians (Zot)
  3 purple draconians (Zot)
  7 yellow draconians (Zot)
  4 dire elephants (Zot)
  7 mottled draconians (Zot)
  6 black draconians (Zot)
  4 white draconians (Zot)
  11 great orbs of eyes (Zot)
  5 pale draconians (Zot)
  45 ettins (Zot)
  2 eidola (Zot)
  Snorg (Zot)
  4 minotaurs (Zot)
  A green death (Zot)
  A very ugly thing zombie (Zot)
  5 mummy priests (Zot)
  4 unborn (Zot)
  14 centaur warriors (Zot)
  A death ooze (Zot)
  A quicksilver dragon zombie (Zot)
  5 deep elf death magi (Zot)
  2 jiangshi (Zot)
  A fire dragon (shapeshifter) (Zot)
  2 merfolk impalers (Zot)
  14 fire dragons (Zot)
  11 yaktaur captains (Zot)
  6 deep elf high priests (Zot)
  4 rakshasas (Zot)
  37 deep troll shamans (Zot)
  15 ice dragons (Zot)
  8 spriggan air magi (Zot)
  73 deep troll earth magi (Zot)
  3 ghost crabs (shapeshifter) (Zot)
  An anaconda (shapeshifter) (Zot)
  6 ghost crabs (Zot)
  15 death yaks (Zot)
  2 alligator snapping turtles (Zot)
  2 anacondas (Zot)
  A dancing weapon (Zot)
  12 tengu warriors (Zot)
  2 ogre magi (Zot)
  A shock serpent (Zot)
  7 hell hogs (Zot)
  An orc high priest (Zot)
  3 shock serpents (shapeshifter) (Zot)
  12 hell knights (Zot)
  14 spriggan berserkers (Zot)
  165 deep trolls (Zot)
  2 storm dragon zombies (Zot)
  2 soul eaters (Zot)
  9 deep elf conjurers (Zot)
  13 iron trolls (Zot)
  4 sun demons (Zot)
  A spectral yaktaur (Zot)
  5 deep elf knights (Zot)
  A sea snake (shapeshifter) (Zot)
  4 giant orange brains (Zot)
  7 large abominations (Zot)
  5 shadow wraiths (Zot)
  3 unseen horrors (Zot)
  2 storm dragon skeletons (Zot)
  4 death drakes (Zot)
  95 skeletal warriors (Zot)
  13 ice devils (Zot)
  2 fire crabs (Zot)
  6 shadow dragon skeletons (Zot)
  A ball lightning (Zot)
  A torturous demonspawn (Zot)
  3 wizards (Zot)
  14 flayed ghosts (Zot)
  An infernal demonspawn (Zot)
  A death drake (shapeshifter) (Zot)
  A gelid demonspawn (Zot)
  2 ghost moth zombies (Zot)
  3 swamp dragons (shapeshifter) (Zot)
  3 deep elf summoners (Zot)
  2 ice statues (Zot)
  7 cyclopes (Zot)
  A sphinx zombie (Zot)
  A harpy (shapeshifter) (Zot)
  4 lindwurms (shapeshifter) (Zot)
  Pikel (Zot)
  6 deathcaps (Zot)
  13 hill giants (Zot)
  38 phantasmal warriors (Zot)
  2 spectral hydras (Zot)
  A shadow dragon zombie (Zot)
  4 torpor snails (Zot)
  3 wolf spiders (Zot)
  10 hellions (Zot)
  28 ugly things (Zot)
  2 orc knights (Zot)
  10 manticores (Zot)
  8 necromancers (Zot)
  2 sixfirhies (Zot)
  3 draconian zombies (Zot)
  2 orc sorcerers (Zot)
  7 moths of wrath (Zot)
  5 frost giant zombies (Zot)
  A faun (shapeshifter) (Zot)
  4 fire giant zombies (Zot)
  6 oklob plants (Zot)
  A spectral griffon (Zot)
  A salamander (shapeshifter) (Zot)
  4 water nymphs (shapeshifter) (Zot)
  A wolf spider (shapeshifter) (Zot)
  2 sphinx skeletons (Zot)
  A shining eye (shapeshifter) (Zot)
  An iron dragon zombie (Zot)
  2 cyclopes (shapeshifter) (Zot)
  6 mana vipers (shapeshifter) (Zot)
  2 griffons (Zot)
  5 salamanders (Zot)
  2 red wasps (Zot)
  A draconian (shapeshifter) (Zot)
  A spectral centaur (Zot)
  A frost giant skeleton (Zot)
  2 octopodes (shapeshifter) (Zot)
  2 fire giant skeletons (Zot)
  2 molten gargoyles (Zot)
  5 elephants (shapeshifter) (Zot)
  An orange demon (Zot)
  5 centaur skeletons (Zot)
  A spectral hill giant (Zot)
  2 eyes of devastation (Zot)
  2 spriggan zombies (Zot)
  9 red devils (Zot)
  An alligator snapping turtle zombie (Zot)
  A draconian skeleton (Zot)
  A black mamba (Zot)
  14 orange crystal statues (Zot)
  5 kobold demonologists (Zot)
  2 purple draconian zombies (Zot)
  14 tormentors (Zot)
  5 eyes of devastation (shapeshifter) (Zot)
  A green draconian zombie (Zot)
  A black draconian zombie (Zot)
  2 gargoyles (Zot)
  A pale draconian zombie (Zot)
  A blue devil (Zot)
  A yellow draconian zombie (Zot)
  An elf (shapeshifter) (Zot)
  4 iron devils (Zot)
  A yaktaur (shapeshifter) (Zot)
  51 yaktaurs (Zot)
  14 tengu conjurers (Zot)
  9 efreet (Zot)
  A demonic crawler (Zot)
  3 trolls (Zot)
  A hell beast (Zot)
  A yellow draconian skeleton (Zot)
  11 deep elf priests (Zot)
  A jumping spider (Zot)
  A white draconian zombie (Zot)
  14 freezing wraiths (Zot)
  An iron troll zombie (Zot)
  2 spectral catoblepas (Zot)
  7 yaktaur skeletons (Zot)
  13 burning bushes (Zot)
  A ghoul skeleton (Zot)
  4 guardian mummies (Zot)
  9 polar bears (Zot)
  2 merfolk (shapeshifter) (Zot)
  7 merfolk (Zot)
  4 slime creatures (shapeshifter) (Zot)
  A jumping spider (shapeshifter) (Zot)
  10 wandering mushrooms (Zot)
  69 slime creatures (Zot)
  A wind drake (Zot)
  A catoblepas zombie (Zot)
  6 silent spectres (Zot)
  A red wasp zombie (Zot)
  2 fire giant simulacra (Zot)
  4 deep elf magi (Zot)
  A two-headed ogre (Zot)
  2 moth of wrath zombies (Zot)
  2 boulder beetles (Zot)
  50 ravens (Zot)
  A snapping turtle (Zot)
  A bog body (Zot)
  A merfolk zombie (Zot)
  11 air elementals (Zot)
  4 ettin zombies (Zot)
  3 ice dragon zombies (Zot)
  3 snapping turtles (shapeshifter) (Zot)
  2 basilisks (Zot)
  4 redbacks (Zot)
  21 wraiths (Zot)
  2 ynoxinuls (Zot)
  A trapdoor spider (Zot)
  7 ettin skeletons (Zot)
  49 flying skulls (Zot)
  13 spriggans (Zot)
  10 shadows (Zot)
  A tarantella (Zot)
  A tarantella (shapeshifter) (Zot)
  13 deep troll skeletons (Zot)
  51 vampires (Zot)
  2 redbacks (shapeshifter) (Zot)
  A golden eye (shapeshifter) (Zot)
  2 yaks (Zot)
  10 deep elf fighters (Zot)
  A hippogriff (shapeshifter) (Zot)
  6 wyverns (Zot)
  8 fire bats (Zot)
  A chaos spawn (Zot)
  3 hungry ghosts (Zot)
  7 mottled dragons (Zot)
  2 raven skeletons (Zot)
  19 hell hounds (Zot)
  5 human zombies (Zot)
  8 tengu zombies (Zot)
  16 deep troll zombies (Zot)
  2 human skeletons (Zot)
  5 black bears (Zot)
  108 ice beasts (Zot)
  6 necrophages (Zot)
  16 orc warriors (Zot)
  A sky beast (Zot)
  13 small abominations (Zot)
  A spectral elf (Zot)
  A spectral shapeshifter (Zot)
  A swamp drake (Zot)
  A tengu (shapeshifter) (Zot)
  12 ogres (Zot)
  14 yellow wasps (Zot)
  19 centaurs (Zot)
  7 phantoms (Zot)
  A manticore skeleton (Zot)
  12 boggarts (Zot)
  8 big kobolds (Zot)
  2 giant frogs (Zot)
  A spectral cyclops (Zot)
  Blork the orc (Zot)
  8 yaktaur zombies (Zot)
  A gnoll sergeant (Zot)
  A wyvern skeleton (Zot)
  A scorpion (Zot)
  3 eyes of draining (Zot)
  13 killer bees (Zot)
  A spectral mottled dragon (Zot)
  An orc simulacrum (Zot)
  2 oklob saplings (Zot)
  6 tengu skeletons (Zot)
  22 wights (Zot)
  A giant frog zombie (Zot)
  A goliath beetle (Zot)
  4 spriggan skeletons (Zot)
  4 iron imps (Zot)
  4 orc priests (Zot)
  5 jellies (Zot)
  5 quasits (Zot)
  4 elf zombies (Zot)
  3 centaur zombies (Zot)
  4 crimson imps (Zot)
  2 basilisk skeletons (Zot)
  4 gnoll shamans (Zot)
  9 hounds (Zot)
  5 orc wizards (Zot)
  3 elf skeletons (Zot)
  An orange rat (Zot)
  A two-headed ogre skeleton (Zot)
  2 iguanas (Zot)
  3 worker ants (Zot)
  43 lightning spires (Zot)
  Ijyb (Zot)
  A hound zombie (Zot)
  2 sheep (Zot)
  6 mummies (Zot)
  A worker ant zombie (Zot)
  12 adders (Zot)
  11 gnolls (Zot)
  3 green rats (Zot)
  10 shadow imps (Zot)
  3 giant mites (Zot)
  2 white imps (Zot)
  A worm (Zot)
  4 ufetubi (Zot)
  An adder zombie (Zot)
  7 giant geckos (Zot)
  30 orcs (Zot)
  2 giant cockroaches (Zot)
  3 gnoll zombies (Zot)
  10 goblins (Zot)
  6 hobgoblins (Zot)
  11 jackals (Zot)
  3 quokkas (Zot)
  3 ball pythons (Zot)
  A ball python skeleton (Zot)
  A ball python zombie (Zot)
  10 bats (Zot)
  A giant gecko skeleton (Zot)
  A giant newt (Zot)
  A giant newt skeleton (Zot)
  3 giant spores (Zot)
  4 goblin zombies (Zot)
  2 green rat zombies (Zot)
  A hobgoblin skeleton (Zot)
  3 hobgoblin zombies (Zot)
  A jackal skeleton (Zot)
  A jackal zombie (Zot)
  40 kobolds (Zot)
  3 kobold skeletons (Zot)
  2 kobold zombies (Zot)
  5 orc skeletons (Zot)
  5 orc zombies (Zot)
  6 rats (Zot)
  2 rat skeletons (Zot)
  9 briar patches (Zot)
  5 crawling corpses (Zot)
2708 creatures vanquished.

Vanquished Creatures (others)
  2 draconian scorchers (Zot)
  A reaper (Zot)
  A red draconian (Zot)
  A yaktaur captain (Zot)
  A titan zombie (Zot)
  A tengu warrior (Zot)
  A sun demon (Zot)
  4 skeletal warriors (Zot)
  2 shadow wraiths (Zot)
  An anaconda zombie (Zot)
  A deep troll (Zot)
  42 ice statues (Zot)
  56 oklob plants (Zot)
  A manticore (Zot)
  4 sixfirhies (Zot)
  A phantasmal warrior (Zot)
  A frost giant zombie (Zot)
  A draconian zombie (Zot)
  A frost giant skeleton (Zot)
  An orange demon (Zot)
  24 orange crystal statues (Zot)
  A spriggan skeleton (Zot)
  4 iron devils (Zot)
  193 burning bushes (Zot)
  2 hellwings (Zot)
  A ghoul skeleton (Zot)
  A freezing wraith (Zot)
  2 blue devils (Zot)
  2 red devils (Zot)
  A red wasp zombie (Zot)
  A deep elf mage (Zot)
  3 wraiths (Zot)
  An ettin skeleton (Zot)
  A ynoxinul (Zot)
  5 flying skulls (Zot)
  A vampire (Zot)
  4 shadows (Zot)
  2 neqoxecs (Zot)
  3 deep troll zombies (Zot)
  2 hungry ghosts (Zot)
  A chaos spawn (Zot)
  A human zombie (Zot)
  An orc warrior (Zot)
  A merfolk skeleton (Zot)
  A ghost crab zombie (Zot)
  A swamp drake (Zot)
  A centaur (Zot)
  A boggart (Zot)
  767 ice beasts (Zot)
  A glowing shapeshifter simulacrum (Zot)
  2 wights (Zot)
  10 quasits (Zot)
  An oklob sapling (Zot)
  4 crimson imps (Zot)
  4 iron imps (Zot)
  An orc wizard (Zot)
  158 lightning spires (Zot)
  Jessica (Zot)
  3 mummies (Zot)
  2 adders (Zot)
  11 shadow imps (Zot)
  10 white imps (Zot)
  15 ufetubi (Zot)
  An orc (Zot)
  2 hobgoblins (Zot)
  2 jackals (Zot)
  A kobold (Zot)
  A ball python (Zot)
  A giant newt (Zot)
  A giant newt skeleton (Zot)
  2 goblins (Zot)
  2 rats (Zot)
  3 plants (Zot)
1392 creatures vanquished.

Grand Total: 4366 creatures vanquished

Notes
Turn   | Place    | Note
--------------------------------------------------------------
     0 | Zot      | lyrx, the Hill Orc Berserker, began the quest for the Orb.
     0 | Zot      | Reached XP level 1. HP: 19/19 MP: 1/1
   225 | Zot      | Reached XP level 2. HP: 16/27 MP: 2/2
   346 | Zot      | HP: 1/27 [Bogdan the orc/flail (9)]
   348 | Zot      | Reached XP level 3. HP: 6/33 MP: 3/3
   351 | Zot      | HP: 1/33 [ooze (1)]
   441 | Zot      | Noticed Wetiukor
   451 | Zot      | Killed Wetiukor the ogre
   451 | Zot      | Reached skill level 6 in Axes
   451 | Zot      | Reached XP level 4. HP: 11/41 MP: 4/4
   451 | Zot      | Reached XP level 5. HP: 12/47 MP: 5/5
   451 | Zot      | Reached XP level 6. HP: 14/55 MP: 6/6
   520 | Zot      | Reached skill level 5 in Fighting
   532 | Zot      | Reached skill level 7 in Axes
   804 | Zot      | Reached skill level 8 in Axes
   849 | Zot      | Reached XP level 7. HP: 45/45 MP: 7/7
   937 | Zot      | Acquired Trog's second power
   953 | Zot      | Reached skill level 9 in Axes
  1080 | Zot      | Reached XP level 8. HP: 52/52 MP: 8/8
  1085 | Zot      | Reached skill level 10 in Axes
  1141 | Zot      | Killed Jessica
  1233 | Zot      | Reached skill level 11 in Axes
  1240 | Zot      | Noticed Ijyb
  1244 | Zot      | Killed Ijyb
  1341 | Zot      | Noticed Fupi
  1351 | Zot      | Killed Fupi the troll
  1351 | Zot      | Reached skill level 12 in Axes
  1351 | Zot      | Reached XP level 9. HP: 58/58 MP: 9/9
  1434 | Zot      | Noticed Blork the orc
  1434 | Zot      | Killed Blork the orc
  1509 | Zot      | Noticed a hill giant
  1510 | Zot      | Reached skill level 13 in Axes
  1514 | Zot      | Killed a hill giant
  1518 | Zot      | Reached skill level 14 in Axes
  1529 | Zot      | Noticed a hill giant
  1532 | Zot      | Killed a hill giant
  1542 | Zot      | Noticed Pikel
  1545 | Zot      | Killed Pikel
  1545 | Zot      | Reached skill level 15 in Axes
  1545 | Zot      | Reached XP level 10. HP: 59/65 MP: 10/10
  1628 | Zot      | Reached skill level 5 in Armour
  1644 | Zot      | Reached skill level 16 in Axes
  1853 | Zot      | Noticed Donald
  1859 | Zot      | Killed Donald
  1859 | Zot      | Reached skill level 17 in Axes
  1887 | Zot      | Reached XP level 11. HP: 70/70 MP: 11/11
  1892 | Zot      | Reached skill level 18 in Axes
  2038 | Zot      | Noticed Nikola
  2049 | Zot      | Killed Nikola
  2049 | Zot      | Reached skill level 19 in Axes
  2169 | Zot      | Reached skill level 20 in Axes
  2169 | Zot      | Reached XP level 12. HP: 78/78 MP: 12/12
  2195 | Zot      | Noticed a hill giant
  2202 | Zot      | Killed a hill giant
  2233 | Zot      | Reached skill level 21 in Axes
  2356 | Zot      | Reached skill level 22 in Axes
  2476 | Zot      | Got a magical rune of Zot
  2478 | Zot      | Got an obsidian rune of Zot
  2478 | Zot      | Got a slimy rune of Zot
  2528 | Zot      | Noticed Kamen
  2539 | Zot      | Reached XP level 13. HP: 68/84 MP: 13/13
  2558 | Zot      | Killed Kamen the centaur warrior
  2843 | Zot      | Reached skill level 23 in Axes
  2992 | Zot      | Got a golden rune of Zot
  3149 | Zot      | Reached skill level 24 in Axes
  3203 | Zot      | Reached XP level 14. HP: 83/91 MP: 14/14
  3216 | Zot      | Reached skill level 10 in Armour
  3314 | Zot      | Reached skill level 25 in Axes
  3440 | Zot      | Noticed Xemn
  3451 | Zot      | Killed Xemn the tentacled monstrosity
  3606 | Zot      | Noticed a red very ugly thing
  3622 | Zot      | Killed a red very ugly thing
  3622 | Zot      | Reached skill level 26 in Axes
  3643 | Zot      | Noticed Xtahua
  3656 | Zot      | Killed Xtahua
  3656 | Zot      | Reached XP level 15. HP: 92/97 MP: 16/16
  3766 | Zot      | Reached skill level 27 in Axes
  3860 | Zot      | Got an abyssal rune of Zot
  4153 | Zot      | Noticed Margery
  4177 | Zot      | Reached XP level 16. HP: 103/103 MP: 17/17
  4199 | Zot      | Killed Margery
  4199 | Zot      | Reached skill level 15 in Armour
  4424 | Zot      | Reached skill level 1 in Evocations
  4702 | Zot      | Reached XP level 17. HP: 110/110 MP: 2/19
  4729 | Zot      | Noticed Norris
  4761 | Zot      | Killed Norris
  5233 | Zot      | Reached XP level 18. HP: 117/117 MP: 20/20
  5338 | Zot      | Noticed Boris
  5378 | Zot      | Killed Boris
  5770 | Zot      | Killed Louise
  5789 | Zot      | Reached XP level 19. HP: 79/122 MP: 20/20
  5803 | Zot      | Got a barnacled rune of Zot
  5805 | Zot      | Got a bone rune of Zot
  6135 | Zot      | Noticed Antaeus
  6191 | Zot      | Killed Antaeus
  6239 | Zot      | Reached XP level 20. HP: 130/130 MP: 21/21
  6527 | Zot      | Killed a Brimstone Fiend
  6629 | Zot      | Noticed Snorg
  6638 | Zot      | Killed Snorg
  6650 | Zot      | Got a silver rune of Zot
  6697 | Zot      | Reached skill level 27 in Armour
  6697 | Zot      | Reached XP level 21. HP: 118/134 MP: 21/21
  6701 | Zot      | Reached skill level 1 in Shields
  6713 | Zot      | Reached skill level 1 in Crossbows
  7490 | Zot      | Reached skill level 10 in Fighting
  7727 | Zot      | Reached XP level 20. HP: 86/156 MP: 20/21
  7887 | Zot      | Noticed a golden dragon
  7892 | Zot      | Killed a golden dragon
  8790 | Zot      | Reached XP level 21. HP: 165/165 MP: 21/21
  8894 | Zot      | Reached skill level 15 in Fighting
  9072 | Bazaar   | Entered a bazaar
  9072 | Bazaar   | Found Qigg's Magic Scroll Boutique.
  9072 | Bazaar   | Found Thial's Antique Weapon Boutique.
  9072 | Bazaar   | Found Qivuur's Weapon Boutique.
  9072 | Bazaar   | Found Qiato's Magic Scroll Boutique.
  9072 | Bazaar   | Bought a scroll of enchant weapon for 82 gold pieces
  9072 | Bazaar   | Bought a scroll of enchant armour for 82 gold pieces
  9072 | Bazaar   | Bought a scroll of enchant weapon for 67 gold pieces
  9261 | Zot      | Noticed a golden dragon
  9263 | Zot      | Killed a golden dragon
  9298 | Zot      | Noticed a curse toe
  9327 | Zot      | Killed a curse toe
  9402 | Zot      | Noticed Wiglaf
  9409 | Zot      | Killed Wiglaf
  9702 | Zot      | Noticed Mennas
  9750 | Zot      | Killed Mennas
  9860 | Zot      | Reached XP level 22. HP: 184/184 MP: 22/22
 10605 | Zot      | Got a gossamer rune of Zot
 10691 | Zot      | Reached XP level 23. HP: 202/202 MP: 23/23
 10908 | Zot      | Killed Saint Roka
 11229 | Zot      | Got an icy rune of Zot
 11364 | Zot      | Reached XP level 24. HP: 221/221 MP: 23/23
 11901 | Zot      | Reached skill level 27 in Fighting
 11919 | Zot      | Got a fiery rune of Zot
 11986 | Zot      | Reached skill level 5 in Dodging
 12262 | Zot      | Reached XP level 25. HP: 235/235 MP: 24/24
 12278 | Zot      | Reached XP level 24. HP: 227/227 MP: 23/23
 12281 | Zot      | Got a shimmering turquoise ring
 12282 | Zot      | Identified the ring "Bielamu" {Contam rPois Slay+5} (You acquired it in the Realm of Zot)
 12302 | Zot      | Killed Frances
 12554 | Zot      | Reached skill level 10 in Dodging
 13009 | Zot      | Reached XP level 25. HP: 235/235 MP: 24/24
 13029 | Zot      | Got a serpentine rune of Zot
 13403 | Zot      | Noticed Frederick
 13404 | Zot      | Killed Frederick
 13500 | Zot      | Reached skill level 15 in Dodging
 14095 | Zot      | Reached XP level 26. HP: 244/244 MP: 24/24
 14511 | Zot      | Killed an ancient lich
 15211 | Zot      | Noticed an ancient lich
 15275 | Zot      | Killed an ancient lich
 15304 | Zot      | Reached XP level 27. HP: 65/251 MP: 25/25
 15789 | Zot      | Reached XP level 26. HP: 244/244 MP: 24/24
 17023 | Zot      | Reached XP level 25. HP: 235/235 MP: 23/24
 17162 | Zot      | Noticed an ancient lich
 17168 | Zot      | Killed an ancient lich
 17180 | Zot      | Reached XP level 26. HP: 225/244 MP: 24/24
 17488 | Zot      | Noticed an ancient lich
 17519 | Zot      | Killed an ancient lich
 18036 | Zot      | Reached XP level 25. HP: 235/235 MP: 23/24
 18223 | Zot      | Got a glowing rune of Zot
 18374 | Zot      | Reached XP level 26. HP: 244/244 MP: 24/24
 18472 | Zot      | Noticed an ancient lich
 18483 | Zot      | Killed an ancient lich
 19415 | Zot      | Reached XP level 27. HP: 247/251 MP: 25/25
 19637 | Zot      | Got an elven rune of Zot
 19662 | Zot      | Reached XP level 26. HP: 240/240 MP: 24/24
 20655 | Zot      | Reached XP level 27. HP: 247/247 MP: 25/25
 20658 | Zot      | Reached XP level 26. HP: 240/240 MP: 24/24
 20702 | Zot      | Noticed Boris
 20706 | Zot      | Killed Boris
 20706 | Zot      | Reached skill level 27 in Dodging
 20802 | Zot      | Killed Mara
 20865 | Zot      | Reached skill level 5 in Shields
 20898 | Zot      | Noticed an ancient lich
 20900 | Zot      | Killed an ancient lich
 21021 | Zot      | Got a demonic rune of Zot
 21039 | Zot      | Got the Orb of Zot
 21093 | Zot      | Escaped with the Orb!

Action                   |  1- 3 |  4- 6 |  7- 9 | 10-12 | 13-15 | 16-18 | 19-21 | 22-24 | 25-27 || total
-------------------------+-------+-------+-------+-------+-------+-------+-------+-------+-------++-------
Melee: Hand axe          |    43 |    27 |    12 |       |       |       |       |       |       ||    82
       War axe           |       |       |    19 |   150 |    86 |   108 |     4 |       |       ||   367
       Broad axe         |       |       |       |       |   124 |    12 |       |       |       ||   136
       Battleaxe         |       |       |       |       |       |       |   379 |    21 |   175 ||   575
Throw: Throwing net      |       |       |       |     1 |       |       |       |       |       ||     1
Invok: Berserk           |     3 |     2 |     3 |     2 |     6 |     1 |     4 |     1 |     1 ||    23
 Abil: Make oklob saplin |     1 |     3 |       |       |       |       |       |       |       ||     4
       Make arrow trap   |     1 |     1 |       |       |       |       |       |       |       ||     2
       Make burning bush |       |       |     6 |     1 |    27 |    54 |    72 |    13 |    60 ||   233
       Make net trap     |       |       |     8 |     6 |       |       |       |       |       ||    14
       Make plant        |       |       |     3 |     4 |       |       |       |     3 |     7 ||    17
       Make oklob plant  |       |       |     2 |     6 |     4 |     9 |     8 |     8 |    55 ||    92
       Make ice statue   |       |       |       |     4 |     4 |     7 |    18 |     6 |    24 ||    63
       Make crystal stat |       |       |       |       |     5 |     2 |     8 |     7 |    21 ||    43
       Zot-teleport      |       |       |       |       |       |    23 |    27 |     6 |    17 ||    73
       Make water        |       |       |       |       |       |    30 |    46 |     1 |       ||    77
       Make altar        |       |       |       |       |       |     1 |       |       |       ||     1
       Make lightning sp |       |       |       |       |       |       |    73 |    39 |   104 ||   216
       Make silver statu |       |       |       |       |       |       |     6 |       |       ||     6
       Acquire gold      |       |       |       |       |       |       |     1 |       |       ||     1
       Make bazaar       |       |       |       |       |       |       |     1 |       |       ||     1
       Acquirement       |       |       |       |       |       |       |       |     1 |     5 ||     6
       Remove Curse      |       |       |       |       |       |       |       |     1 |       ||     1
       Make blade trap   |       |       |       |       |       |       |       |       |    19 ||    19
       Make curse skull  |       |       |       |       |       |       |       |       |     1 ||     1
Evoke: Wand              |       |       |       |       |     1 |     3 |       |       |       ||     4
  Use: Potion            |     4 |       |       |       |       |       |       |       |       ||     4
       Scroll            |       |       |     1 |       |       |       |     3 |       |       ||     4
 Stab: Distracted        |       |     1 |       |     1 |     4 |     5 |    24 |     1 |    14 ||    50
       Betrayed ally     |       |       |       |       |     4 |     2 |     1 |       |     3 ||    10
       Confused          |       |       |       |       |     8 |    16 |     5 |       |     5 ||    34
       Held in net/web   |       |       |       |       |       |     2 |       |       |       ||     2
